AoeStats
← AiluxIII

Nomad

506618337Analyzed
2v2 RM · 19d ago on Sep 14, 2026· 98m 37s· 4 players
Game mode
Random Map
Map size
176×176
Population
200
Speed
Normal
Resources
Standard
Victory
Conquest
Starting age
Dark Age
Ending age
Imperial Age
RankedLock teamsTeams togetherTeam positionsShared explorationLock speedFull tech treeHidden civsTurbo modeCheats
Victory
Defeat
🇪🇪 Romans · Estonia
1074
+17
🇪🇪 Dravidians · Estonia
1046
+18
🇩🇪 Huns · Germany
1116
-18
🇦🇷 Persians · Argentina
1082
-17
Marco Aurelio
13:58 Feudal Age
13:27 Loom
14:20 Double-Bit Axe
21:18 Castle Age
19:29 Gold Mining
19:57 Scale Barding Armor
21:11 Forging
23:39 Fishing Lines
25:11 Fletching
30:30 Stone Mining
42:43 Gillnets
44:10 Wheelbarrow
44:37 Iron Casting
44:41 Kamandaran
44:41 Horse Collar
46:39 Heavy Plow
49:50 Imperial Age
46:53 Crossbowman
48:05 Bodkin Arrow
48:09 Town Watch
48:54 Padded Archer Armor
50:13 Elite Skirmisher
51:58 Conscription
52:01 Thumb Ring
52:59 Chemistry
53:25 Leather Archer Armor
54:53 Blast Furnace
53:27 Light Cavalry
54:36 Husbandry
60:03 Hussar
62:11 Ballistics
62:57 Hand Cart
67:04 Cavalier
67:56 Bloodlines
70:06 Chain Barding Armor
Afterglow
15:55 Feudal Age
17:19 Double-Bit Axe
20:44 Wheelbarrow
19:55 Horse Collar
20:14 Fishing Lines
23:09 Castle Age
21:14 Man-at-Arms
21:56 Scale Mail Armor
25:00 Gillnets
25:31 Long Swordsman
27:09 Pikeman
31:50 Chain Mail Armor
31:46 Forging
47:06 Iron Casting
53:40 Town Watch
55:31 Hand Cart
57:47 Imperial Age
57:44 Bloodlines
57:35 Husbandry
57:36 Gold Mining
57:37 Stone Mining
58:03 Bow Saw
58:10 Light Cavalry
59:29 Scale Barding Armor
60:04 Elite Tarkan
60:32 Hussar
62:54 Marauders
63:29 Chain Barding Armor
64:19 Gold Shaft Mining
70:43 Plate Barding Armor
83:40 Medium Warships
84:17 Fletching
85:33 Heavy Warships
AiluxIII
10:20 Loom
13:33 Feudal Age
14:10 Double-Bit Axe
15:37 Horse Collar
15:49 Man-at-Arms
16:57 Forging
16:58 Scale Mail Armor
22:46 Castle Age
22:50 Pikeman
23:50 Chain Mail Armor
24:15 Squires
24:52 Iron Casting
23:46 Long Swordsman
35:59 Town Watch
55:00 Bow Saw
55:29 Wheelbarrow
54:54 Town Patrol
55:10 Fletching
56:23 Scale Barding Armor
56:14 Bodkin Arrow
66:31 Elite Skirmisher
88:41 Hand Cart
88:12 Demolition Ship
95:42 Demolition Ship
Myrakaru
2:56 Loom
16:38 Feudal Age
17:38 Horse Collar
17:57 Double-Bit Axe
18:15 Gold Mining
24:15 Castle Age
23:07 Wheelbarrow
24:49 Fletching
25:20 Heavy Plow
27:03 Ballistics
33:17 Bodkin Arrow
47:45 Imperial Age
47:53 Padded Archer Armor
48:33 Medical Corps
48:39 Bracer
49:54 Leather Archer Armor
52:27 Hand Cart
52:48 Thumb Ring
56:04 Bow Saw
57:25 Conscription
62:49 Elite Elephant Archer
64:05 Ring Archer Armor
66:39 Pikeman
67:19 Squires
68:00 Halberdier
79:52 Scale Mail Armor
80:03 Forging
81:06 Chain Mail Armor
87:19 Arson
88:37 Two-Man Saw
Connection lost

Rejoining the realm…

Still unreachable

The connection could not be restored.

Session expired

The server has moved on; the page needs a fresh start.